 Dungeon Crawl Stone Soup version 0.25.1-8-g42b30a86e7 (webtiles) character file.

Game seed: 14219892435389113416

1096 Destapler the Skirmisher (level 8, -14/70 HPs)
             Began as a Hill Orc Fighter on Dec 27, 2020.
             Demolished by Menkaure (17 damage)
             ... on level 6 of the Dungeon on Dec 28, 2020.
             The game lasted 00:08:53 (5503 turns).

Destapler the Skirmisher (Hill Orc Fighter)         Turns: 5503, Time: 00:08:54

Health: -14/70     AC:  9    Str: 21    XL:     8   Next: 31%
Magic:  8/8        EV: 13    Int:  8    God:
Gold:   193        SH: 10    Dex: 10    Spells: 7/7 levels left

rFire    . . .     SeeInvis .   a - +0 war axe
rCold    . . .     Gourm    .   c - +0 kite shield
rNeg     . . .     Faith    .   b - +0 scale mail
rPois    .         Spirit   .   (no helmet)
rElec    .         Reflect  .   B - +1 cloak {rCorr}
rCorr    +         Harm     .   (no gloves)
MR       .....                  (no boots)
Stlth    +.........             (no amulet)
HPRegen  0.21/turn              x - +4 ring of evasion (curse)
MPRegen  0.11/turn              (no ring)

@: hasted, very quick
A: no striking features
a: no special abilities


You were on level 6 of the Dungeon.
You were hungry.

You visited 2 branches of the dungeon, and saw 7 of its levels.

You collected 193 gold pieces.

Inventory:

Hand Weapons
 a - a +0 war axe (weapon)
 D - the +12 flail of Gaficw {vorpal, rPois, unknown}
   (You found it on level 5 of the Dungeon)

   It inflicts extra damage upon your enemies.
   It protects you from poison.
Missiles
 e - 20 poisoned darts (quivered)
 w - 7 atropa-tipped darts
Armour
 b - a +0 scale mail (worn)
 c - a +0 kite shield (worn)
 B - a +1 cloak of preservation (worn)
Jewellery
 x - a cursed +4 ring of evasion (left hand)
Wands
 u - a wand of acid (12)
 F - a wand of polymorph (3)
Scrolls
 h - 4 scrolls of teleportation {unknown}
 i - 6 scrolls of remove curse {unknown}
 j - 2 scrolls of fog {unknown}
 k - a scroll of magic mapping {unknown}
 m - a scroll of blinking {unknown}
 n - 2 scrolls of identify {unknown}
 q - a scroll of immolation {unknown}
 v - 2 scrolls of fear {unknown}
 y - a scroll of enchant armour {unknown}
 z - 3 scrolls of random uselessness {unknown}
 E - a scroll of amnesia {unknown}
Potions
 g - a potion of flight {unknown}
 l - 4 potions of curing {unknown}
 o - 2 potions of berserk rage {unknown}
 p - 2 potions of stabbing {unknown}
 s - a potion of invisibility {unknown}
 t - a potion of mutation {unknown}
 A - a potion of cancellation {unknown}
 C - a potion of heal wounds {unknown}
Comestibles
 f - 8 rations
 r - a chunk of flesh


   Skills:
 + Level 5.7 Fighting
 + Level 5.4 Axes
 + Level 2.8 Throwing
 + Level 5.2 Armour
 + Level 2.5 Dodging
 - Level 3.0 Stealth
 + Level 5.2 Shields


You had 7 spell levels left.
You didn't know any spells.
Your spell library was empty.

Dungeon Overview and Level Annotations

Branches:
Dungeon (6/15)             Temple (1/1) D:5

Altars:
Ashenzari
Cheibriados
Dithmenos
Elyvilon
Gozag
Kikubaaqudgha
Makhleb
Nemelex Xobeh
Qazlal
Ru
Sif Muna
Trog
Uskayaw
Wu Jian
Xom
Zin
The Shining One
Lugonu

Shops:
D:4 %

Annotations:
D:6 Menkaure


Message History

Menkaure hits you!
* * * LOW HITPOINT WARNING * * *
An adder comes into view.
You are too injured to fight recklessly!
You slash Menkaure!
Menkaure is severely damaged.
Menkaure gestures at you while chanting.
Pain shoots through your body!
* * * LOW HITPOINT WARNING * * *
You are feeling hungry.
Your shield and scale mail prevent you from hitting Menkaure.
Menkaure is severely damaged.
Menkaure closely misses you.
You hit Menkaure.
Menkaure is severely damaged.
You block Menkaure's attack.
You closely miss Menkaure.
Menkaure is severely damaged.
You block Menkaure's attack. Menkaure hits you!
You die...

#..........# ##...........
...?......## #..........# #.
#........./#...
##..S.......#.(
.###..M...........
.......@.......#
##...#........## .
#....#......## ..
.....#####.## #.# ..# # .....
. ##.# #.# ##... . #.##..#
#..##รท####.###.... .. #.##.#
###..#..##..#......
#..#....###.......#..........
#............#.......#.......


You could see Menkaure (fast) and an adder.

Vanquished Creatures
  2 ice beasts (D:5)
  A phantom (D:4)
  An ogre (D:4)
  2 centaurs
  A scorpion (D:4)
  3 crimson imps
  A hound (D:4)
  An orc wizard (D:5)
  Crazy Yiuf (D:4)
  A centaur skeleton (D:4)
  2 iguanas
  A worker ant (D:4)
  A worker ant zombie (D:6)
  4 gnolls (D:4)
  6 adders
  A shadow imp (D:5)
  An ooze (D:5)
  4 worms
  A dart slug (D:3)
  5 leopard geckos
  8 orcs
  2 ball pythons (D:1)
  9 bats
  2 bat zombies (D:1)
  6 giant cockroaches
  14 goblins
  11 hobgoblins
  8 jackals
  2 quokkas
  4 frilled lizards
  12 kobolds
  4 rats
122 creatures vanquished.

Notes
Turn   | Place    | Note
-------+----------+-------------------------------------------
     0 | D:1      | Destapler the Hill Orc Fighter began the quest for the Orb.
     0 | D:1      | Reached XP level 1. HP: 19/19 MP: 1/1
    82 | D:1      | Reached XP level 2. HP: 27/27 MP: 2/2
   355 | D:1      | Reached XP level 3. HP: 33/33 MP: 3/3
   936 | D:2      | Found an opulent altar of Gozag.
   937 | D:2      | Found a glowing golden altar of the Shining One.
   939 | D:2      | Found a hide-covered altar of Uskayaw.
   939 | D:2      | Found a burning altar of Makhleb.
   940 | D:2      | Found a glowing silver altar of Zin.
   940 | D:2      | Found a snail-covered altar of Cheibriados.
  1018 | D:2      | Reached skill level 1 in Stealth
  1094 | D:2      | Reached XP level 4. HP: 39/40 MP: 4/4
  1765 | D:3      | Reached skill level 1 in Throwing
  1955 | D:3      | Reached XP level 5. HP: 32/46 MP: 5/5
  2382 | D:3      | Reached skill level 1 in Dodging
  2585 | D:3      | Found a shimmering blue altar of Sif Muna.
  2764 | D:3      | Found a shadowy altar of Dithmenos.
  3045 | D:4      | Noticed a phantom
  3052 | D:4      | Reached XP level 6. HP: 49/53 MP: 6/6
  3065 | D:4      | Killed a phantom
  3752 | D:4      | Reached XP level 7. HP: 56/60 MP: 7/7
  3810 | D:4      | Found Diofaq's Food Shop.
  3916 | D:4      | Reached skill level 5 in Fighting
  4095 | D:4      | Found a runed translucent door.
  4096 | D:4      | Noticed Crazy Yiuf
  4221 | D:4      | Killed Crazy Yiuf
  4329 | D:5      | Entered Level 5 of the Dungeon
  4351 | D:5      | Found a staircase to the Ecumenical Temple.
  4523 | D:5      | Found a shimmering altar of Xom.
  4682 | Temple   | Entered the Ecumenical Temple
  4748 | D:5      | Found an ornate altar of the Wu Jian Council.
  4986 | D:5      | Reached skill level 5 in Axes
  4986 | D:5      | Reached skill level 5 in Armour
  4986 | D:5      | Reached XP level 8. HP: 69/69 MP: 8/8
  5018 | D:5      | Got a warped flail
  5075 | D:5      | Reached skill level 5 in Shields
  5492 | D:6      | Noticed Menkaure
  5500 | D:6      | HP: 2/70 [Menkaure/nerve-wracking pain (11)]
  5503 | D:6      | Demolished by Menkaure

Illustrated notes

Levels and vault maps discovered:
D:1:      saegor_arrival_fortress, layout_basic
D:2:      layout_basic, grunt_temple_overflow_open
D:3:      layout_loops_ring, led_sif_pool, lemuel_coloured_pillars_altar,
          minmay_goblin_outpost
D:4:      layout_cave_pools, first_ration, serial_shops,
          nicolae_shop_window_shopping, uniq_crazy_yiuf_cottage
D:5:      layout_basic, nicolae_overflow_hidden_temple, kennysheep_mini_moat,
          minmay_temple_entry_large_hall
D:6:      layout_rooms, marbit_many_paths, minmay_microvault, uniq_menkaure
Temple:   corrupted_temple

Skill      XL: |  1  2  3  4  5  6  7  8 |
---------------+-------------------------+-----
Axes           | 3 4 5 |  5.4
Fighting       | 4 5 |  5.7
Stealth        | 1 2 3 |  3.0
Throwing       | 1 2 |  2.8
Dodging        | 1 2 |  2.5
Armour         | 4 5 |  5.2
Shields        | 4 5 |  5.2

Action                   |  1- 3 |  4- 6 |  7- 9 || total
-------------------------+-------+-------+-------++-------
Melee: War axe           |   104 |   178 |   168 ||   450
Throw: Dart              |       |     3 |       ||     3
  Use: Potion            |       |     1 |     1 ||     2
 Stab: Invisible         |       |       |     1 ||     1
  Eat: Chunk             |     1 |     8 |     6 ||    15
Armor: Scale mail        |    51 |    84 |    52 ||   187
Dodge: Dodged            |    32 |    75 |    67 ||   174
Block: Kite shield       |    75 |   111 |    76 ||   262
